 Dungeon Crawl Stone Soup version 0.27-a0-1136-g0b992a5a9d (webtiles) character file.

Game seed: 9206077014026740120

202 kae the Chopper (level 5, -4/47 HPs)
             Began as a Hill Orc Fighter on May 4, 2021.
             Slain by Duvessa
             ... wielding a +0 rapier
              (6 damage)
             ... on level 4 of the Dungeon.
             The game lasted 00:02:39 (4217 turns).

kae the Chopper (Hill Orc Fighter)                  Turns: 4217, Time: 00:02:40

Health: -4/47      AC:  7    Str: 20    XL:     5   Next: 80%
Magic:  5/5        EV:  7    Int:  8    God:
Gold:   214        SH:  9    Dex: 10    Spells: 4/4 levels left

rFire    . . .     SeeInvis +   a - +0 war axe
rCold    . . .     Faith    .   c - +0 kite shield
rNeg     . . .     Spirit   .   b - +0 scale mail
rPois    .         Reflect  .   (no helmet)
rElec    .         Harm     .   (no cloak)
rCorr    .         Rampage  .   (no gloves)
Will     .....                  (no boots)
Stlth    ..........             (no amulet)
HPRegen  0.15/turn              g - ring of see invisible
MPRegen  0.09/turn              (no ring)

@: mighty
A: no striking features
a: no special abilities


You were on level 4 of the Dungeon.
You visited 1 branch of the dungeon, and saw 4 of its levels.

You collected 214 gold pieces.

Inventory:

Hand Weapons
 a - a +0 war axe (weapon)
Armour
 b - a +0 scale mail (worn)
 c - a +0 kite shield (worn)
Jewellery
 g - a ring of see invisible (left hand)
 j - a ring of protection from cold
Scrolls
 k - a scroll of acquirement {unknown}
 l - a scroll of brand weapon {unknown}
 m - a scroll of enchant armour {unknown}
Potions
 e - a potion of heal wounds
 f - a potion of curing
 h - a potion of mutation {unknown}
 i - a potion of brilliance {unknown}


   Skills:
 + Level 4.8 Fighting
 * Level 5.7 Axes
 + Level 4.4 Armour
 - Level 3.2 Shields


You had 4 spell levels left.
You didn't know any spells.
Your spell library contained the following spells:

 Spells                   Type           Power      Damage    Failure   Level
 Corona                   Hex            0%         N/A       99%         1
 Ensorcelled Hibernation  Hex/Ice        0%         N/A       100%        2
 Confusing Touch          Hex            0%         N/A       100%        3
 Dazzling Flash           Conj/Hex       0%         N/A       100%        3
 Tukima's Dance           Hex            0%         N/A       100%        3


Dungeon Overview and Level Annotations

Branches:
Dungeon (4/15)
 Temple: D:4-7

Altars:
Kikubaaqudgha
Xom

Annotations:
D:3 1 runed translucent door, Crazy Yiuf
D:4 Dowan, Duvessa


Message History

Your scale mail prevents you from hitting Dowan.
Dowan is moderately wounded.
You hit the adder skeleton. You barely miss Duvessa.
Duvessa hits you with a +0 rapier! You block Dowan's attack.
The adder skeleton bites you but does no damage.
Duvessa hits you with a +0 rapier!
There are monsters nearby!
You are too injured to fight recklessly!
You are too injured to fight recklessly!
You are too injured to fight recklessly!
You are too injured to fight recklessly!
You are too injured to fight recklessly!
You are too injured to fight recklessly!
It was a potion of heal wounds.
You feel much better. You block Dowan's attack. The adder skeleton bites you.
Duvessa says, "When magic and the sword combine, nothing stands against them."
Duvessa hits you with a +0 rapier.
You feel very mighty all of a sudden. Duvessa hits you with a +0 rapier!
The adder skeleton bites you but does no damage.
You block Dowan's attack. Duvessa completely misses you.
You slash Duvessa!
Duvessa is heavily wounded.
You closely miss Dowan. You slash the adder skeleton!
You destroy the adder skeleton!
Duvessa completely misses you. Dowan barely misses you.
Duvessa hits you with a +0 rapier. You block Dowan's attack.
You slash Dowan!
Dowan is heavily wounded.
You hit Duvessa. Duvessa hits you with a +0 rapier!
* * * LOW HITPOINT WARNING * * *
Dowan hits you with a +1 dagger of electrocution.
* * * LOW HITPOINT WARNING * * *
You are electrocuted!
* * * LOW HITPOINT WARNING * * *
Duvessa barely misses you.
You barely miss Dowan.
Dowan is heavily wounded.
You slash Duvessa! Duvessa hits you with a +0 rapier.
You die...

#.#.##.................#.#
#.#......................#
#......................#.#
##......####.#...#.######
.# .....†### #)#...#.# #
.####.#### #.#...#.#
.#.......# #.#?..#.####.
.#.#..##.###............
..P...P.........@.####..
.P.≈≈...........ee#
..≈≈≈≈≈............#
≈≈≈≈≈≈≈..............
≈≈≈≈≈≈≈♣P....[...>.###
≈≈≈≈≈≈≈≈P.........##
≈≈≈≈≈≈≈≈...<......#
.≈≈≈≈≈≈PP..........
..≈≈≈≈≈...


You could see Duvessa (fast) and Dowan.

Vanquished Creatures
  A hound (D:4)
  A hound skeleton (D:4)
  7 gnolls
  3 adders
  An adder skeleton (D:4)
  A dart slug (D:2)
  An orc (D:3)
  3 endoplasms
  3 giant cockroaches
  3 goblins
  9 hobgoblins
  3 jackals (D:4)
  4 quokkas
  6 ball pythons
  4 bats
  4 frilled lizards
  4 kobolds
  5 rats
63 creatures vanquished.

Vanquished Creatures (others)
  3 plants (D:4)
3 creatures vanquished.

Grand Total: 66 creatures vanquished

Notes
Turn   | Place    | Note
-------+----------+-------------------------------------------
     0 | D:1      | kae the Hill Orc Fighter began the quest for the Orb.
     0 | D:1      | Reached XP level 1. HP: 19/19 MP: 1/1
   127 | D:1      | Found a faded altar of an unknown god.
   180 | D:1      | Reached skill level 3 in Axes
   471 | D:1      | Reached XP level 2. HP: 27/27 MP: 2/2
  1040 | D:1      | Reached XP level 3. HP: 33/33 MP: 3/3
  1738 | D:2      | Found a shimmering altar of Xom.
  1812 | D:2      | Reached skill level 4 in Axes
  2372 | D:3      | Found an ancient bone altar of Kikubaaqudgha.
  2626 | D:3      | Reached XP level 4. HP: 31/40 MP: 4/4
  3127 | D:3      | Reached skill level 5 in Axes
  3158 | D:3      | Reached XP level 5. HP: 36/47 MP: 5/5
  3608 | D:3      | Found a runed translucent door.
  3609 | D:3      | Noticed Crazy Yiuf
  4206 | D:4      | Noticed Dowan
  4207 | D:4      | Noticed Duvessa
  4216 | D:4      | HP: 2/47 [Dowan/+1 dagger of electrocution (9)]
  4217 | D:4      | Slain by Duvessa

Illustrated notes

Levels and vault maps discovered:
D:1:      sevenhm_arrival_forest_fort_small_4, layout_loops_corners,
          hellmonk_ecumenical_altar_arch_garden
D:2:      layout_basic, basic_altar
D:3:      layout_loops_ring, old_standard_altar, st_stairs_5,
          uniq_crazy_yiuf_cottage
D:4:      layout_loops_cross, guppyfry_early_lair_pool, uniq_duvessa

Skill      XL: |  1  2  3  4 |
---------------+-------------+-----
Axes           | 3 4 5 |  5.7
Fighting       | 4 |  4.8
Armour         | 4 |  4.4
Shields        | |  3.2

Action                   |  1- 3 |  4- 6 || total
-------------------------+-------+-------++-------
Melee: War axe           |   155 |    99 ||   254
  Use: Scroll            |     1 |       ||     1
       Potion            |       |     2 ||     2
Armor: Scale mail        |    81 |    47 ||   128
Dodge: Dodged            |    43 |    39 ||    82
Block: Kite shield       |    90 |    64 ||   154

Table legend: (Time is in decaauts)
 A = Elapsed time spent in this place.
 B = Non-inter-level travel time spent in this place.
 C = Inter-level travel time spent in this place.
 D = Time resting spent in this place.
 E = Time spent auto-exploring this place.
 F = Levels seen in this place.
 G = Mean time per level.
                   A        B        C        D        E       F      G
               +--------+--------+--------+--------+--------+-----+--------+
         Total |   4358 |   4265 |     93 |    740 |   2842 |   4 | 1089.5 |
       Dungeon |   4358 |   4265 |     93 |    740 |   2842 |   4 | 1089.5 |
               +--------+--------+--------+--------+--------+-----+--------+

Top non-repeatable levels by time:
     D:1: 1442 daAuts
     D:3: 1305 daAuts
     D:2: 1258 daAuts
     D:4: 351 daAuts
